[Event "AUT Bundesliga 2022-23"]
[Site "Jenbach"]
[Date "2022.11.04"]
[Round "2.3"]
[White "Sebenik, Matej"]
[Black "Alekseenko, Kirill"]
[Result "1-0"]
[ECO "B51"]
[WhiteElo "2518"]
[BlackElo "2691"]
[Annotator "ChessBase"]
[PlyCount "107"]
[EventDate "2022.11.03"]
[EventType "team-tourn"]
[EventCountry "AUT"]
[SourceTitle "playchess.com"]
[Source "ChessBase"]
[SourceQuality "1"]
[TimeControl "40/5400+30:1800+30"]

1. e4 c5 2. Nf3 d6 3. Bb5+ Nd7 4. c4 e5 5. d3 g6 6. O-O Bg7 7. b4 b6 8. Bc6 Rb8 9. Qa4 Ne7 10. b5 Qc7 11. Nc3 a5 12. Bg5 f6 13. Bd2 O-O 14. Rae1 Rf7 15. Nd5 Qd8 16. h4 Nf8 17. h5 Nxd5 18. Bxd5 Be6 19. hxg6 hxg6 20. Qd1 Qd7 21. a4 Bxd5 22. cxd5 Re8 23. Bc1 Bh8 24. Nd2 f5 25. Nc4 f4 26. Qf3 Qd8 27. Qg4 Nh7 28. g3 g5 29. f3 Nf6 30. Qxg5+ Rg7 31. Qf5 Nxe4 32. Rxe4 Rg5 33. Qxg5+ Qxg5 34. Bxf4 Qg6 35. Bg5 Bg7 36. Bh4 Rf8 37. Nxb6 Rf4 38. Kg2 Rxh4 39. Rxh4 Qxd3 40. Re4 Bh6 41. Rfe1 Bd2 42. R1e2 Bc3 43. Nc8 Kg7 44. Nxd6 Qxd5 45. Nc4 Qd1 46. Nxe5 Bd4 47. Nc6 Qg1+ 48. Kh3 Bf2 49. Re7+ Kf8 50. Re8+ Kg7 51. R2e7+ Kh6 52. Rh8+ Kg6 53. Rg8+ Kh6 54. Ne5 1-0

[Event "AUT Bundesliga 2022-23"]
[Site "Jenbach"]
[Date "2022.11.04"]
[Round "2.4"]
[White "Moussard, Jules"]
[Black "Subelj, Jan"]
[Result "0-1"]
[ECO "C02"]
[WhiteElo "2686"]
[BlackElo "2494"]
[Annotator "ChessBase"]
[PlyCount "82"]
[EventDate "2022.11.03"]
[EventType "team-tourn"]
[EventCountry "AUT"]
[SourceTitle "playchess.com"]
[Source "ChessBase"]
[SourceQuality "1"]
[TimeControl "40/5400+30:1800+30"]

1. e4 e6 2. d4 d5 3. e5 c5 4. c3 Nc6 5. Nf3 Bd7 6. Be2 f6 7. O-O fxe5 8. Nxe5 Nxe5 9. dxe5 Qc7 10. Re1 O-O-O 11. Bf1 Ne7 12. a4 Nc6 13. Na3 a6 14. Rb1 Nxe5 15. b4 c4 16. b5 Bc5 17. bxa6 bxa6 18. Ra1 h5 19. Be2 Ng4 20. Bxg4 hxg4 21. Be3 Qxh2+ 22. Kf1 Bxe3 23. Rxe3 Qf4 24. Ke2 Rhf8 25. Qg1 e5 26. g3 Qf6 27. Ke1 d4 28. Re2 d3 29. Rb2 e4 30. Rc1 Qc6 31. Rcb1 Qc5 32. Rb8+ Kc7 33. R8b7+ Kd6 34. R1b4 Ke7 35. Qh2 e3 36. Nxc4 d2+ 37. Kd1 exf2 38. Nxd2 f1=Q+ 39. Nxf1 Rxf1+ 40. Ke2 Qf5 41. Qg2 Rf3 0-1

[Event "AUT Bundesliga 2022-23"]
[Site "Jenbach"]
[Date "2022.11.04"]
[Round "2.5"]
[White "Diermair, Andreas"]
[Black "Naiditsch, Arkadij"]
[Result "0-1"]
[ECO "D37"]
[WhiteElo "2455"]
[BlackElo "2667"]
[Annotator "ChessBase"]
[PlyCount "94"]
[EventDate "2022.11.03"]
[EventType "team-tourn"]
[EventCountry "AUT"]
[SourceTitle "playchess.com"]
[Source "ChessBase"]
[SourceQuality "1"]
[TimeControl "40/5400+30:1800+30"]

1. d4 Nf6 2. c4 e6 3. Nf3 d5 4. Nc3 Nbd7 5. Bf4 dxc4 6. e3 Nb6 7. Bxc4 Nxc4 8. Qa4+ c6 9. Qxc4 Nd5 10. O-O Nxf4 11. exf4 Be7 12. Rfe1 O-O 13. Ne5 Qb6 14. Re2 a5 15. a3 Rd8 16. Rd1 Qa6 17. Qb3 Bd6 18. g3 a4 19. Qc2 f6 20. Nd3 b6 21. Ne4 Bf8 22. Qc3 Bb7 23. Re3 Qb5 24. f3 Rd7 25. Ndf2 Rad8 26. Rdd3 Ba6 27. Qe1 Qxb2 28. Rd2 Qb5 29. Ng4 Rxd4 30. Nexf6+ gxf6 31. Nxf6+ Kf7 32. Rxd4 Rxd4 33. Nxh7 Bc5 34. Ng5+ Kg8 35. Kg2 Rd2+ 36. Kh3 Qf1+ 37. Kg4 Qxe1 38. Rxe1 Bxa3 39. h4 Bb2 40. Kh5 Be2 41. Kg6 a3 42. Ne4 Rc2 43. h5 a2 44. h6 a1=Q 45. h7+ Kf8 46. Rxa1 Bxa1 47. f5 Bh8 0-1

[Event "AUT Bundesliga 2022-23"]
[Site "Jenbach"]
[Date "2022.11.04"]
[Round "2.6"]
[White "Bacrot, Etienne"]
[Black "Schreiner, Peter"]
[Result "1-0"]
[ECO "B36"]
[WhiteElo "2646"]
[BlackElo "2404"]
[Annotator "ChessBase"]
[PlyCount "77"]
[EventDate "2022.11.03"]
[EventType "team-tourn"]
[EventCountry "AUT"]
[SourceTitle "playchess.com"]
[Source "ChessBase"]
[SourceQuality "1"]
[TimeControl "40/5400+30:1800+30"]

1. e4 c5 2. Nf3 Nc6 3. d4 cxd4 4. Nxd4 g6 5. c4 Nf6 6. Nc3 Nxd4 7. Qxd4 d6 8. Be2 Bg7 9. O-O O-O 10. Qd3 Bd7 11. Bg5 a5 12. Rad1 Bc6 13. b3 Qb6 14. Rb1 Rfc8 15. Rfe1 Nd7 16. Nd5 Bxd5 17. exd5 Nc5 18. Qe3 Re8 19. Bg4 Qb4 20. Qe2 e5 21. dxe6 Nxe6 22. Bd2 Qa3 23. Be3 h5 24. Bxe6 Rxe6 25. Qd2 a4 26. Red1 axb3 27. axb3 Rae8 28. h3 Qa6 29. Qb4 Bf8 30. Qb6 Qxb6 31. Bxb6 Re2 32. g3 Ra2 33. Ra1 Rb2 34. Rd3 f5 35. Bd4 Rc2 36. Be3 Rb8 37. Ra5 Kf7 38. Rb5 Ke6 39. Ba7 1-0

[Event "AUT Bundesliga 2022-23"]
[Site "Jenbach"]
[Date "2022.11.04"]
[Round "2.7"]
[White "Markus, Robert"]
[Black "Saric, Ivan"]
[Result "1/2-1/2"]
[ECO "E06"]
[WhiteElo "2615"]
[BlackElo "2668"]
[Annotator "ChessBase"]
[PlyCount "61"]
[EventDate "2022.11.03"]
[EventType "team-tourn"]
[EventCountry "AUT"]
[SourceTitle "playchess.com"]
[Source "ChessBase"]
[SourceQuality "1"]
[TimeControl "40/5400+30:1800+30"]

1. d4 Nf6 2. c4 e6 3. Nf3 d5 4. g3 Be7 5. Bg2 O-O 6. Nc3 dxc4 7. Ne5 c5 8. dxc5 Qxd1+ 9. Nxd1 Bxc5 10. Nxc4 Nc6 11. Be3 Bb4+ 12. Bd2 Bxd2+ 13. Nxd2 Bd7 14. Nc3 Nd4 15. Rc1 Bc6 16. O-O Rfd8 17. Rfd1 Bxg2 18. Kxg2 Kf8 19. Nf3 Nxf3 20. Kxf3 Ke7 21. Ne4 Rxd1 22. Rxd1 Nxe4 23. Kxe4 Rc8 24. Rd3 Rc2 25. Rb3 b6 26. Kd3 Rc5 27. Rc3 Rd5+ 28. Ke3 Re5+ 29. Kd3 Rd5+ 30. Ke3 Re5+ 31. Kd3 1/2-1/2

[Event "AUT Bundesliga 2022-23"]
[Site "Jenbach"]
[Date "2022.11.04"]
[Round "2.8"]
[White "Brkic, Ante"]
[Black "Horvath, Dominik"]
[Result "1/2-1/2"]
[ECO "C77"]
[WhiteElo "2602"]
[BlackElo "2505"]
[Annotator "ChessBase"]
[PlyCount "102"]
[EventDate "2022.11.03"]
[EventType "team-tourn"]
[EventCountry "AUT"]
[SourceTitle "playchess.com"]
[Source "ChessBase"]
[SourceQuality "1"]
[TimeControl "40/5400+30:1800+30"]

1. e4 e5 2. Nf3 Nc6 3. Bb5 a6 4. Ba4 Nf6 5. d3 b5 6. Bb3 Bc5 7. Nc3 d6 8. Nd5 h6 9. c3 Rb8 10. O-O O-O 11. d4 Ba7 12. Be3 Ng4 13. dxe5 Bxe3 14. Nxe3 Ncxe5 15. Nxe5 Nxe5 16. f4 Nd7 17. Qd4 Nc5 18. Bc2 Re8 19. Rad1 Ne6 20. Qd2 Bb7 21. Qf2 Qe7 22. Nf5 Qf8 23. Qg3 Kh8 24. b4 a5 25. a3 Ra8 26. Rde1 axb4 27. cxb4 Ra6 28. Re3 Rea8 29. Qh3 Bc8 30. Qg3 Bb7 31. Bb1 d5 32. exd5 Bxd5 33. Qh3 Bc4 34. Rfe1 Nxf4 35. Qg3 Ne6 36. h4 c5 37. Qe5 Rxa3 38. Nxh6 Rxe3 39. Rxe3 Rd8 40. Be4 Rd1+ 41. Kh2 f5 42. Bxf5 Rd5 43. Qxe6 gxh6 44. Qg6 Qd6+ 45. Qxd6 Rxd6 46. bxc5 Rd5 47. c6 Rxf5 48. Re8+ Kg7 49. c7 Be6 50. Rxe6 Rc5 51. Rb6 Rxc7 1/2-1/2

[Event "AUT Bundesliga 2022-23"]
[Site "Jenbach"]
[Date "2022.11.04"]
[Round "2.9"]
[White "Korpa, Bence"]
[Black "Livaic, Leon"]
[Result "1-0"]
[ECO "A45"]
[WhiteElo "2496"]
[BlackElo "2574"]
[Annotator "ChessBase"]
[PlyCount "113"]
[EventDate "2022.11.03"]
[EventType "team-tourn"]
[EventCountry "AUT"]
[SourceTitle "playchess.com"]
[Source "ChessBase"]
[SourceQuality "1"]
[TimeControl "40/5400+30:1800+30"]

1. d4 Nf6 2. Bf4 c5 3. e3 Nd5 4. Bg3 Qb6 5. c4 Nf6 6. Nc3 Qxb2 7. Nge2 Qa3 8. Rb1 cxd4 9. exd4 Qa5 10. Rb5 Qd8 11. Nf4 d6 12. Be2 g6 13. h4 a6 14. Rb3 Qa5 15. O-O Bg7 16. Ncd5 Nbd7 17. Re3 O-O 18. Nxe7+ Kh8 19. h5 gxh5 20. Nfd5 Nxd5 21. Nxd5 Nf6 22. Nxf6 Bxf6 23. Bxd6 Rg8 24. Be5 Bxe5 25. Rxe5 Qxa2 26. Rxh5 Bd7 27. Qb1 Qxb1 28. Rxb1 a5 29. Bd3 Rg7 30. Be4 f5 31. Bxb7 Rb8 32. Be4 Rxb1+ 33. Bxb1 Rg4 34. Bxf5 Bxf5 35. Rxf5 Rxd4 36. Rxa5 Rxc4 37. Ra7 Kg8 38. Kh2 h6 39. Kg3 Rc2 40. f4 Rb2 41. Kf3 Rc2 42. Re7 Ra2 43. Rd7 Rb2 44. g3 Rb1 45. Kg4 Rb3 46. Re7 Ra3 47. Kh4 Rf3 48. Kg4 Ra3 49. f5 Rb3 50. Kh4 Rb1 51. Kh5 Kf8 52. Rh7 Rh1+ 53. Kg6 Rg1 54. Rh8+ Ke7 55. f6+ Kd7 56. f7 Rxg3+ 57. Kh7 1-0

[Event "AUT Bundesliga 2022-23"]
[Site "Jenbach"]
[Date "2022.11.04"]
[Round "2.10"]
[White "Kuljasevic, Davorin"]
[Black "Nagy, Gabor"]
[Result "1/2-1/2"]
[ECO "D30"]
[WhiteElo "2560"]
[BlackElo "2488"]
[Annotator "ChessBase"]
[PlyCount "91"]
[EventDate "2022.11.03"]
[EventType "team-tourn"]
[EventCountry "AUT"]
[SourceTitle "playchess.com"]
[Source "ChessBase"]
[SourceQuality "1"]
[TimeControl "40/5400+30:1800+30"]

1. d4 d5 2. c4 e6 3. Nf3 a6 4. Bg5 Be7 5. Bxe7 Qxe7 6. Nbd2 Nf6 7. g3 dxc4 8. Nxc4 Nc6 9. Rc1 b5 10. Nce5 Nxe5 11. dxe5 Nd5 12. Bg2 Bb7 13. O-O Nb6 14. b3 Rc8 15. Qc2 c5 16. Rfd1 c4 17. Qd2 O-O 18. Qa5 Nd7 19. bxc4 bxc4 20. Rd4 c3 21. Rxc3 Rxc3 22. Qxc3 Rc8 23. Qb2 Bxf3 24. exf3 Nxe5 25. f4 Ng4 26. Bf3 h5 27. h3 Nf6 28. Qb7 Rc1+ 29. Kg2 Qc5 30. Qb8+ Kh7 31. Qe5 Qb6 32. Rd1 Rc5 33. Qd4 Qa5 34. Rd2 e5 35. fxe5 Rxe5 36. Re2 Rxe2 37. Bxe2 Qxa2 38. Bd3+ Kh8 39. Bc4 Qa5 40. Bxf7 Qc7 41. Bg6 a5 42. Kg1 Qc1+ 43. Kh2 Qc7 44. Kg1 Qc1+ 45. Kg2 Qc6+ 46. Kg1 1/2-1/2

[Event "AUT Bundesliga 2022-23"]
[Site "Jenbach"]
[Date "2022.11.04"]
[Round "2.11"]
[White "Mesaros, Florian"]
[Black "Bosiocic, Marin"]
[Result "0-1"]
[ECO "E51"]
[WhiteElo "2404"]
[BlackElo "2548"]
[Annotator "ChessBase"]
[PlyCount "106"]
[EventDate "2022.11.03"]
[EventType "team-tourn"]
[EventCountry "AUT"]
[SourceTitle "playchess.com"]
[Source "ChessBase"]
[SourceQuality "1"]
[TimeControl "40/5400+30:1800+30"]

1. d4 Nf6 2. c4 e6 3. Nc3 Bb4 4. e3 O-O 5. Nf3 d5 6. Bd2 Re8 7. Rc1 Bf8 8. Bd3 b6 9. cxd5 exd5 10. Ne5 Ba6 11. Bxa6 Nxa6 12. O-O c5 13. Be1 Nc7 14. f4 Ne4 15. Qh5 g6 16. Qh3 f6 17. Bh4 Nxc3 18. Rxc3 Nb5 19. Rb3 Nd6 20. dxc5 bxc5 21. Nd7 Bg7 22. Rd1 c4 23. Ra3 Qe7 24. Rxd5 Ne4 25. Raa5 c3 26. bxc3 Nxc3 27. Rdc5 Ne4 28. Rc1 Qd6 29. Be1 Qd3 30. Nc5 Nxc5 31. Raxc5 Rxe3 32. Rc8+ Bf8 33. g3 Rxc8 34. Qxc8 Re2 35. Qc3 Qxc3 36. Bxc3 Bc5+ 37. Kh1 f5 38. Be5 Bb6 39. a4 Ra2 40. Rc8+ Kf7 41. Rh8 h5 42. Rh7+ Ke6 43. Rg7 Kd5 44. a5 Be3 45. Bb8 Ke4 46. Rxg6 Kf3 47. h4 Ra1+ 48. Kh2 Bg1+ 49. Kh1 Bf2+ 50. Kh2 Ra2 51. Kh1 Rxa5 52. Rg7 Ra1+ 53. Kh2 Bg1+ 0-1

[Event "AUT Bundesliga 2022-23"]
[Site "Jenbach"]
[Date "2022.11.04"]
[Round "2.12"]
[White "Saric, Ante"]
[Black "Freitag, Manfred"]
[Result "1-0"]
[ECO "E97"]
[WhiteElo "2510"]
[BlackElo "2357"]
[Annotator "ChessBase"]
[PlyCount "83"]
[EventDate "2022.11.03"]
[EventType "team-tourn"]
[EventCountry "AUT"]
[SourceTitle "playchess.com"]
[Source "ChessBase"]
[SourceQuality "1"]
[TimeControl "40/5400+30:1800+30"]

1. Nf3 Nf6 2. c4 g6 3. Nc3 Bg7 4. e4 d6 5. d4 O-O 6. Be2 e5 7. O-O Nc6 8. dxe5 dxe5 9. Bg5 Nd4 10. Nxd4 exd4 11. Nd5 c6 12. Nxf6+ Bxf6 13. Bxf6 Qxf6 14. Bd3 Qf4 15. c5 Be6 16. Qc1 Qxc1 17. Rfxc1 f5 18. exf5 Bxf5 19. Rd1 Rfd8 20. Rac1 Bxd3 21. Rxd3 Rd5 22. Kf1 Kf7 23. Rf3+ Ke6 24. Ke2 Rf5 25. Rxf5 gxf5 26. Kd3 Rg8 27. g3 f4 28. Re1+ Kd5 29. b4 b6 30. gxf4 bxc5 31. Re5+ Kd6 32. bxc5+ Kd7 33. Rg5 Rf8 34. f5 Ke7 35. Kxd4 Rd8+ 36. Ke4 Kf6 37. Rh5 Kg7 38. Ke5 Rd2 39. f6+ Kg6 40. Rh3 Rxf2 41. Rg3+ Kf7 42. Rg7+ 1-0

[Event "AUT Bundesliga 2022-23"]
[Site "Jenbach"]
[Date "2022.11.04"]
[Round "2.13"]
[White "Bluebaum, Matthias"]
[Black "Ragger, Markus"]
[Result "1/2-1/2"]
[ECO "A45"]
[WhiteElo "2647"]
[BlackElo "2632"]
[Annotator "ChessBase"]
[PlyCount "69"]
[EventDate "2022.11.03"]
[EventType "team-tourn"]
[EventCountry "AUT"]
[SourceTitle "playchess.com"]
[Source "ChessBase"]
[SourceQuality "1"]
[TimeControl "40/5400+30:1800+30"]

1. d4 Nf6 2. Bg5 d5 3. e3 c5 4. c3 Qb6 5. Qc2 cxd4 6. exd4 Bg4 7. Bd3 Bh5 8. Ne2 Bg6 9. Nf4 Bxd3 10. Nxd3 Nbd7 11. O-O e6 12. Nd2 Bd6 13. Rae1 Rc8 14. Qb1 Qc7 15. f4 h6 16. Bxf6 Nxf6 17. Qd1 O-O 18. Qf3 b5 19. Rc1 b4 20. c4 dxc4 21. Nxc4 Qd7 22. Kh1 Be7 23. Nce5 Qd5 24. Nc6 Bd6 25. Ndxb4 Qxf3 26. gxf3 Rc7 27. Nd3 Nd5 28. b4 a6 29. a4 Rfc8 30. b5 axb5 31. axb5 Rb7 32. Rb1 Nc3 33. Rbc1 Nd5 34. Rb1 Nc3 35. Rbc1 1/2-1/2

[Event "AUT Bundesliga 2022-23"]
[Site "Jenbach"]
[Date "2022.11.04"]
[Round "2.14"]
[White "Naumann, Alexander"]
[Black "Svane, Rasmus"]
[Result "1/2-1/2"]
[ECO "D37"]
[WhiteElo "2513"]
[BlackElo "2615"]
[Annotator "ChessBase"]
[PlyCount "45"]
[EventDate "2022.11.03"]
[EventType "team-tourn"]
[EventCountry "AUT"]
[SourceTitle "playchess.com"]
[Source "ChessBase"]
[SourceQuality "1"]
[TimeControl "40/5400+30:1800+30"]

1. d4 Nf6 2. c4 e6 3. Nf3 d5 4. Nc3 h6 5. g3 Bd6 6. Bg2 O-O 7. O-O Nc6 8. b3 dxc4 9. bxc4 e5 10. Rb1 Re8 11. c5 exd4 12. Nxd4 Nxd4 13. cxd6 Qxd6 14. Bf4 Qd8 15. Bxc7 Nxe2+ 16. Qxe2 Qxc7 17. Nd5 Rxe2 18. Nxc7 Rb8 19. Na6 Ra8 20. Nc7 Rb8 21. Na6 Ra8 22. Nc7 Rb8 23. Na6 1/2-1/2

[Event "AUT Bundesliga 2022-23"]
[Site "Jenbach"]
[Date "2022.11.04"]
[Round "2.15"]
[White "Donchenko, Alexander"]
[Black "Roseneck, Jonas"]
[Result "1-0"]
[ECO "A18"]
[WhiteElo "2646"]
[BlackElo "2414"]
[Annotator "ChessBase"]
[PlyCount "73"]
[EventDate "2022.11.03"]
[EventType "team-tourn"]
[EventCountry "AUT"]
[SourceTitle "playchess.com"]
[Source "ChessBase"]
[SourceQuality "1"]
[TimeControl "40/5400+30:1800+30"]

1. c4 Nf6 2. Nc3 e6 3. e4 d5 4. cxd5 exd5 5. e5 Ne4 6. Nf3 Bf5 7. d3 Nxc3 8. bxc3 c5 9. d4 Qa5 10. Bd2 Nc6 11. c4 Qd8 12. Qb3 Be6 13. Qxb7 Rc8 14. Ng5 Be7 15. Nxe6 fxe6 16. cxd5 O-O 17. d6 Bg5 18. Rd1 Bxd2+ 19. Rxd2 Nxd4 20. Qe4 Qg5 21. h4 Qh6 22. Qe3 Qg6 23. Qd3 Qh5 24. Qe4 Rf5 25. f4 Qg4 26. Rf2 Rcf8 27. Bd3 g6 28. Be2 Nxe2 29. Qxe2 Qxe2+ 30. Kxe2 Rxf4 31. Rxf4 Rxf4 32. Rd1 Rf8 33. Kd3 Rc8 34. Kc4 Kf8 35. d7 Rd8 36. Kxc5 Ke7 37. Kc6 1-0

[Event "AUT Bundesliga 2022-23"]
[Site "Jenbach"]
[Date "2022.11.04"]
[Round "2.16"]
[White "Handler, Lukas"]
[Black "Wagner, Dennis"]
[Result "1/2-1/2"]
[ECO "D41"]
[WhiteElo "2442"]
[BlackElo "2570"]
[Annotator "ChessBase"]
[PlyCount "192"]
[EventDate "2022.11.03"]
[EventType "team-tourn"]
[EventCountry "AUT"]
[SourceTitle "playchess.com"]
[Source "ChessBase"]
[SourceQuality "1"]
[TimeControl "40/5400+30:1800+30"]

1. d4 d5 2. c4 e6 3. Nf3 Nf6 4. Nc3 c5 5. cxd5 exd5 6. Bg5 Be6 7. Bxf6 Qxf6 8. e4 dxe4 9. Bb5+ Nc6 10. Nxe4 Qf4 11. Qe2 Be7 12. O-O O-O 13. dxc5 Rad8 14. Bxc6 bxc6 15. Rfe1 a5 16. b3 h6 17. Rac1 a4 18. bxa4 Ra8 19. g3 Qg4 20. Nd4 Qxe2 21. Rxe2 Bd7 22. Nb3 Bg4 23. Re3 Rxa4 24. Nc3 Ra7 25. Rc2 Rd8 26. Kg2 Kf8 27. f3 Be6 28. Ne4 Ra4 29. Ree2 Rb8 30. Red2 Bd5 31. Nc3 Bxb3 32. axb3 Rab4 33. Ne2 Bf6 34. Nc1 Rd4 35. Rxd4 Bxd4 36. Rc4 Be3 37. f4 Bxc1 38. Rxc1 Rxb3 39. Ra1 Rc3 40. Ra7 Rxc5 41. g4 h5 42. g5 Rc2+ 43. Kg3 Rc3+ 44. Kf2 g6 45. h4 c5 46. Rc7 c4 47. Ke2 Rc2+ 48. Kd1 Rh2 49. Rxc4 Rxh4 50. Ke2 Rg4 51. Kf3 Rg1 52. Kf2 Rd1 53. Re4 Rd3 54. Kg2 Rd8 55. Kg3 Re8 56. Ra4 Re3+ 57. Kf2 Rc3 58. Re4 Rc7 59. Kg3 Re7 60. Ra4 Rb7 61. Re4 Kg7 62. Ra4 f6 63. gxf6+ Kxf6 64. Ra6+ Kg7 65. Ra3 Rb5 66. Rc3 Kf6 67. Ra3 Kf5 68. Rc3 Rd5 69. Re3 Rd1 70. Re5+ Kf6 71. Re3 Rg1+ 72. Kf2 Ra1 73. Kg3 Ra5 74. Rc3 Kf5 75. Rb3 Rc5 76. Ra3 Rd5 77. Re3 Rd4 78. Re5+ Kf6 79. Re3 Rd1 80. Ra3 Rf1 81. Ra6+ Kg7 82. Ra7+ Kh6 83. Ra6 Rg1+ 84. Kh2 Rf1 85. Kg3 Rg1+ 86. Kh2 Rg4 87. f5 Rg5 88. Rxg6+ Rxg6 89. fxg6 Kxg6 90. Kh1 Kg5 91. Kh2 Kg4 92. Kh1 Kg3 93. Kg1 h4 94. Kh1 h3 95. Kg1 h2+ 96. Kh1 Kh3 1/2-1/2

[Event "AUT Bundesliga 2022-23"]
[Site "Jenbach"]
[Date "2022.11.04"]
[Round "2.17"]
[White "Acs, Peter"]
[Black "Halvax, Georg"]
[Result "1/2-1/2"]
[ECO "B31"]
[WhiteElo "2572"]
[BlackElo "2432"]
[Annotator "ChessBase"]
[PlyCount "104"]
[EventDate "2022.11.03"]
[EventType "team-tourn"]
[EventCountry "AUT"]
[SourceTitle "playchess.com"]
[Source "ChessBase"]
[SourceQuality "1"]
[TimeControl "40/5400+30:1800+30"]

1. e4 c5 2. Nf3 Nc6 3. Bb5 g6 4. O-O Bg7 5. Bxc6 bxc6 6. Re1 Qc7 7. a3 d6 8. h3 Nf6 9. d3 O-O 10. e5 dxe5 11. Nxe5 Nd5 12. Qe2 f6 13. Nf3 e5 14. c4 Nb6 15. Nc3 Bf5 16. Be3 Rfd8 17. Red1 Bf8 18. Ne4 Bxe4 19. dxe4 Rxd1+ 20. Rxd1 Rd8 21. Rxd8 Qxd8 22. Ne1 Qc8 23. b3 Nd7 24. Nd3 Qb7 25. Qd1 Be7 26. Kf1 Kf7 27. Ke1 Qa6 28. Qa1 Qa5+ 29. Ke2 Nf8 30. g3 Ne6 31. f4 exf4 32. gxf4 Qc7 33. Qf1 Qa5 34. Qc1 Qc7 35. b4 Qd7 36. Qa1 Ng7 37. Nxc5 Qxh3 38. Qf1 Qc8 39. Qf3 Bxc5 40. Bxc5 Ne6 41. Bxa7 Qa6 42. Qe3 Qxc4+ 43. Kd2 Qa2+ 44. Ke1 Qb1+ 45. Kd2 g5 46. f5 Qa2+ 47. Kd1 Nf4 48. Bb8 Qb1+ 49. Kd2 Qb2+ 50. Kd1 Qb1+ 51. Kd2 Qb2+ 52. Kd1 Qb1+ 1/2-1/2

[Event "AUT Bundesliga 2022-23"]
[Site "Jenbach"]
[Date "2022.11.04"]
[Round "2.18"]
[White "Genser, Harald"]
[Black "Buhmann, Rainer"]
[Result "0-1"]
[ECO "A45"]
[WhiteElo "2238"]
[BlackElo "2561"]
[Annotator "ChessBase"]
[PlyCount "92"]
[EventDate "2022.11.03"]
[EventType "team-tourn"]
[EventCountry "AUT"]
[SourceTitle "playchess.com"]
[Source "ChessBase"]
[SourceQuality "1"]
[TimeControl "40/5400+30:1800+30"]

1. d4 Nf6 2. Bf4 e6 3. e3 b6 4. Nf3 Bb7 5. Nbd2 Be7 6. h3 c5 7. c3 Nc6 8. Be2 O-O 9. O-O d6 10. Bh2 a6 11. a4 Re8 12. Re1 Bf8 13. Nc4 d5 14. Nce5 Nxe5 15. Nxe5 Ne4 16. f3 Nd6 17. Bf1 f6 18. Nd3 Nf7 19. b4 c4 20. Nf2 e5 21. g4 Qc7 22. a5 Bd6 23. Nh1 bxa5 24. Rxa5 exd4 25. Bxd6 Nxd6 26. exd4 Nb5 27. Qd2 Rxe1 28. Qxe1 Qf4 29. Kf2 Kf8 30. Ra1 Re8 31. Qc1 Qxc1 32. Rxc1 Ra8 33. Ng3 a5 34. bxa5 Rxa5 35. Ne2 g5 36. Ke3 Bc6 37. Bg2 Ke7 38. f4 Ra2 39. fxg5 fxg5 40. Bf3 Kd6 41. h4 gxh4 42. Rh1 Be8 43. Rxh4 Bg6 44. Nf4 Ra3 45. Bxd5 Nxc3 46. Bxc4 Nd5+ 0-1

[Event "AUT Bundesliga 2022-23"]
[Site "Jenbach"]
[Date "2022.11.04"]
[Round "2.19"]
[White "Rozentalis, Eduardas"]
[Black "Georgiadis, Nico"]
[Result "1/2-1/2"]
[ECO "B51"]
[WhiteElo "2500"]
[BlackElo "2577"]
[Annotator "ChessBase"]
[PlyCount "62"]
[EventDate "2022.11.03"]
[EventType "team-tourn"]
[EventCountry "AUT"]
[SourceTitle "playchess.com"]
[Source "ChessBase"]
[SourceQuality "1"]
[TimeControl "40/5400+30:1800+30"]

1. e4 c5 2. Nf3 d6 3. Bb5+ Nd7 4. d4 cxd4 5. Qxd4 a6 6. Bxd7+ Bxd7 7. c4 Nf6 8. Bg5 e6 9. Nc3 Be7 10. e5 dxe5 11. Nxe5 h6 12. Bxf6 Bxf6 13. O-O Bc6 14. Qe3 O-O 15. Rab1 Qc7 16. Nxc6 Qxc6 17. b3 Rfd8 18. Rfd1 b5 19. Ne4 Be7 20. c5 b4 21. Rd4 a5 22. Rbd1 Rd5 23. Rxd5 exd5 24. Ng3 Bxc5 25. Qf3 Re8 26. Qxd5 Re1+ 27. Nf1 Qb5 28. Qa8+ Re8 29. Qf3 Qe2 30. Rd2 Qe1 31. g3 g6 1/2-1/2

[Event "AUT Bundesliga 2022-23"]
[Site "Jenbach"]
[Date "2022.11.04"]
[Round "2.20"]
[White "Koelle, Tobias"]
[Black "Baenziger, Fabian"]
[Result "1-0"]
[ECO "D43"]
[WhiteElo "2439"]
[BlackElo "2439"]
[Annotator "TA"]
[PlyCount "85"]
[EventDate "2022.11.03"]
[EventType "team-tourn"]
[EventCountry "AUT"]
[SourceTitle "playchess.com"]
[Source "ChessBase"]
[SourceQuality "1"]
[TimeControl "40/5400+30:1800+30"]

1. d4 d5 2. c4 c6 3. Nf3 Nf6 4. Nc3 e6 5. Bg5 h6 6. Bxf6 Qxf6 7. e3 g6 8. Be2 {[%emt 0:00:09] D43: Semi-Slav: 5 Bg5 h6.} Bg7 9. O-O O-O 10. Ne5 {[%emt 0:00:17] The position is equal.} Nd7 11. f4 Qe7 12. Qb3 Rb8 {[%emt 0:07:03] [#]} 13. Rad1 $146 ({Predecessor:} 13. a3 Nxe5 14. fxe5 f6 15. Qc2 fxe5 16. Rxf8+ Qxf8 17. Qxg6 Qf6 18. Qh5 Qf7 19. Qh4 {½-½ (60) Murlasits,M (2272)-Jasinski,M (2416) ICCF email 2017}) 13... Nxe5 14. fxe5 Bd7 15. cxd5 exd5 16. e4 dxe4 17. Nxe4 Bf5 18. Nd6 Be6 19. Bc4 c5 20. Bxe6 {[%emt 0:27:03] White has more active pieces. The black rooks are badly placed.} (20. dxc5 {feels hotter.} Bxe5 21. Bxe6 Qxe6 22. Qxe6 fxe6 23. Rfe1) 20... Qxe6 21. Qxe6 fxe6 22. Rxf8+ Kxf8 ({Less strong is} 22... Rxf8 23. dxc5 Rb8 24. Re1 $16) 23. dxc5 {[%emt 0:01:49] Black must now prevent Rf1+.} Bxe5 $16 {[%emt 0:00:34][%mdl 4096] Endgame KRB-KRN} 24. Nc4 Bf6 25. Rd7 Rd8 (25... b5 $11 26. cxb6 axb6) 26. Rxb7 $14 {[%emt 0:03:56] Kf1 is the strong threat.} Bd4+ 27. Kf1 {[%emt 0:00:06] [#] Strongly threatening b4.} Bxc5 28. b4 Bd4 29. Ke2 Rd5 30. a4 a6 31. b5 axb5 32. axb5 Bg1 33. h3 h5 34. b6 Rb5 (34... Bh2 $11) 35. Rh7 Bxb6 (35... Bh2 $14 {should be considered.}) 36. Rb7 $16 Rg5 $1 37. Nxb6 {[%emt 0:01:03] aiming for Kf3.} ({Don't play} 37. Rxb6 Rxg2+ 38. Kf3 Rh2 $16) 37... Rxg2+ {[%emt 0:00:05] KRN-KR} 38. Kf3 Rg5 39. Nd7+ Ke7 $2 {[%emt 0:00:40][%mdl 8192] [#] Black cannot hold the game after this.} (39... Ke8 $16 40. Nf6+ Kd8) 40. Nc5+ $1 $18 {[%emt 0:00:00] White is clearly winning.} Ke8 41. Nxe6 Re5 42. Nf4 Rf5 43. Ke4 {[%emt 0:01:18] Weighted Error Value: White=0.05 (flawless) /Black=0.13 (very precise)} 1-0